 Dungeon Crawl Stone Soup version 0.29.1-15-g9cfb28693d (webtiles) character file.

Game seed: 12118736413055623191

2371 buriedalive the Nimble (level 9, -6/61 (67) HPs)
             Began as a Deep Elf Ice Elementalist on Apr 17, 2023.
             Mangled by an orc priest
             ... wielding a +0 falchion
              (7 damage)
             ... on level 7 of the Dungeon.
             The game lasted 00:21:02 (9924 turns).

buriedalive the Nimble (Deep Elf Ice Elementalist)  Turns: 9924, Time: 00:21:03

HP:   -6/61 (67)    AC: 24    Str:  5    XL:     9   Next: 21%
MP:   0/29          EV:  2    Int: 28    God:
Gold: 607           SH:  0    Dex: 15    Spells: 9/20 levels left

rFire   + . .      SeeInvis .   u - +1 dagger (flame)
rCold   + . .      Faith    .   (no shield)
rNeg    . . .      Spirit   +   (body armour currently unavailable)
rPois   +          Reflect  .   (helmet currently unavailable)
rElec   +          Harm     .   (cloak currently unavailable)
rCorr   +          Rampage  .   (gloves currently unavailable)
Will    .....      NoTele   +   (boots currently unavailable)
Stlth   ++........              E - amulet of the Saviour {Spirit Contam rPois MP+9 Int+3}
HPRegen 0.20/turn               (no ring)
MPRegen 0.21/turn               (no ring)

@: tree-form, resistant, attractive, drained
A: stationary, stasis, torment immunity, boosted hp, (antennae 1), sense
surroundings 1, (poison resistance), MP-powered wands
a: no special abilities


You were on level 7 of the Dungeon.
You were a tree.
You visited 2 branches of the dungeon, and saw 8 of its levels.

You collected 607 gold pieces.

Inventory:

Hand Weapons
 d - a +0 dagger
 i - a +0 whip of freezing
 u - a +1 dagger of flaming (weapon)
Missiles
 c - 132 stones
 m - 4 atropa-tipped darts
 p - 15 poisoned darts
 q - 2 throwing nets
 v - 4 curare-tipped darts
Armour
 a - a +2 robe (melded)
 y - a +0 cloak (melded)
Jewellery
 j - an amulet of reflection
 l - an amulet of faith
 E - the amulet of the Saviour (around neck) {Spirit Contam rPois MP+9 Int+3}
   (You found it on level 7 of the Dungeon)

   [amulet of guardian spirit]

   It causes incoming damage to be divided between your reserves of health and
   magic.
   Int:       It affects your intelligence (+3).
   rPois:     It protects you from poison.
   MP:        It affects your magic capacity (+9).
   Contam:    It causes magical contamination when unequipped.
Wands
 t - a wand of polymorph (5)
 B - a wand of iceblast (11)
Scrolls
 f - 3 scrolls of teleportation
 h - 2 scrolls of blinking
 k - 3 scrolls of vulnerability
 n - a scroll of amnesia
 s - 5 scrolls of identify
Potions
 b - a potion of magic
 e - a potion of flight
 g - 8 potions of curing
 o - a potion of haste
 r - a potion of invisibility
 w - a potion of brilliance
 z - a potion of resistance
 A - 2 potions of attraction
 D - a potion of degeneration {unknown}


   Skills:
 + Level 10.2 Dodging
 - Level 2.4 Stealth
 - Level 6.0 Spellcasting
 + Level 10.1 Ice Magic


You had 9 spell levels left.
You knew the following spells:

 Your Spells              Type           Power      Damage    Failure   Level
a - Freeze                Ice            100%       1d11      1%          1
b - Ozocubu's Armour      Ice            60%        N/A       1%          3
c - Frozen Ramparts       Ice            100%       1d16      1%          3
d - Hailstorm             Conj/Ice       36%        3d9       8%          4

Your spell library contained the following spells:

 Spells                   Type           Power      Damage    Failure   Level
 Summon Small Mammal      Summ           32%        N/A       6%          1
 Call Canine Familiar     Summ           8%         N/A       19%         3
 Summon Guardian Golem    Hex/Summ       8%         N/A       19%         3
 Ozocubu's Refrigeration  Ice            30%        4d14      61%         7


Dungeon Overview and Level Annotations

Branches:
Dungeon (7/15)             Temple (1/1) D:5

Altars:
Cheibriados
Elyvilon
Fedhas
Hepliaklqana
Kikubaaqudgha
Makhleb
Nemelex Xobeh
Qazlal
Sif Muna
Trog
Uskayaw
Wu Jian
Xom
Yredelemnul
Zin

Shops:
D:1 (   D:4 !   D:5 *   D:6 (

Annotations:
D:6 2 runed translucent doors, Seidenschwarz's ghost, novice DECj


Innate Abilities, Weirdness & Mutations

You are a tree.
Your roots penetrate the ground, keeping you stationary.
You cannot be teleported.
You are immune to unholy pain and torment.
Your maximum health is greatly increased.
Your equipment is partially melded.
((You have a pair of small antennae on your head.))
You passively map a small area around you.
((Your system is resistant to poisons. (rPois)))
You expend magic power (3 MP) to strengthen your wands.


Message History

The wall freezes the wight.
You hit the wight but do no damage.
The wight is almost destroyed.
The wight resists.
The wall freezes the wight.
The wight barely misses you.
The wall freezes the orc priest but does no damage.
The orc priest barely misses you.
The wall freezes the orc!
You kill the orc!
The wight resists.
The wall freezes the wight.
The wight barely misses you.
The wight completely resists.
The wall freezes the wight but does no damage.
It was a potion of resistance.
You feel protected.
The frozen ramparts melt away.
The orc priest casts a cantrip, but nothing happens.
The wight hits you with a +0 falchion.
* * * LOW HITPOINT WARNING * * *
You feel drained.
* * * LOW HITPOINT WARNING * * *
The wight barely misses you.
It was a potion of attraction.
You feel attractive to monsters. The wight misses you.
The wight hits you with a +0 mace!
* * * LOW HITPOINT WARNING * * *
You feel drained.
* * * LOW HITPOINT WARNING * * *
The orc priest hits you with a +0 falchion.
* * * LOW HITPOINT WARNING * * *
It was a potion of lignification.
You turn into a tree.
Your +0 cloak melds into your body.
Your +2 robe melds into your body.
Your roots penetrate the ground.
The orc priest hits you with a +0 falchion.
* * * LOW HITPOINT WARNING * * *
The wight hits you but does no damage. x2
It was a potion of mutation.
You feel extremely strange.
You feel your magical essence link to the dungeon's wands.
You feel a strange attunement to the structure of the dungeons.
A pair of antennae grows on your head!
You feel resistant to poisons.
The wight hits you but does no damage. x2
The orc priest hits you with a +0 falchion!
You die...

, , ......... ,, *
........ ,........ ,, ,
........ , * , ....)#
...#### # ,,,.)z# *
.......#.## * * #z## *
.....#.#.#. #♣o###,.....
..... #####z..#
...##...... #.......#
...........
#.......##...## .....
#.............##.....
#........)...........
##.......##...........
####.......## ...........
#..........#...<#....####


You could see 3 wights and an orc priest.

Vanquished Creatures
  Eustachio (D:4)
  A sky beast (D:7)
  A black bear (D:5)
  A centaur (D:5)
  A phantom (D:5)
  3 kobold brigands
  4 scorpions
  2 bullfrogs (D:6)
  6 killer bees (D:6)
  4 hounds
  3 jellies
  4 orc priests
  Jessica (D:3)
  4 iguanas
  Ijyb (D:3)
  Natasha (twice) (D:3)
  4 orc wizards
  16 gnolls
  6 adders
  2 shadow imps
  A white imp (D:7)
  An ufetubus (D:5)
  2 worms (D:2)
  3 dart slugs
  11 orcs
  9 endoplasms
  4 giant cockroaches
  3 goblins
  7 hobgoblins
  5 jackals
  48 kobolds
  3 quokkas
  9 ball pythons
  6 bats
  A frilled lizard (D:2)
  5 rats
185 creatures vanquished.

Vanquished Creatures (collateral kills)
  A scorpion (D:5)
1 creature vanquished.

Vanquished Creatures (others)
  13 plants (D:6)
13 creatures vanquished.

Grand Total: 199 creatures vanquished

Notes
Turn   | Place    | Note
-------+----------+-------------------------------------------
     0 | D:1      | buriedalive the Deep Elf Ice Elementalist began the quest
                  | for the Orb.
     0 | D:1      | Reached XP level 1. HP: 10/10 MP: 6/6
   428 | D:1      | Reached XP level 2. HP: 15/15 MP: 8/8
   644 | D:1      | Found Elakkobb's Weapon Boutique.
   893 | D:2      | Reached XP level 3. HP: 19/19 MP: 6/10
  1663 | D:2      | Reached skill level 5 in Ice Magic
  2131 | D:2      | Reached XP level 4. HP: 21/24 MP: 12/12
  2185 | D:2      | Noticed a scorpion
  2192 | D:2      | Killed a scorpion
  2402 | D:3      | Found an ornate altar of the Wu Jian Council.
  2541 | D:3      | Found a faded altar of an unknown god.
  2669 | D:3      | Noticed Ijyb
  2694 | D:3      | Killed Ijyb
  2695 | D:3      | Reached XP level 5. HP: 18/28 MP: 11/14
  2803 | D:3      | Learned a level 3 spell: Ozocubu's Armour
  2807 | D:3      | Learned a level 3 spell: Frozen Ramparts
  2959 | D:3      | Noticed Natasha
  2974 | D:3      | Killed Natasha
  2975 | D:3      | Reached skill level 5 in Spellcasting
  3417 | D:3      | Noticed Natasha
  3426 | D:3      | Killed Natasha
  3458 | D:3      | Reached skill level 5 in Dodging
  3458 | D:3      | Reached XP level 6. HP: 17/32 MP: 2/16
  3882 | D:3      | Noticed Jessica
  3885 | D:3      | Killed Jessica
  4268 | D:4      | Found a white marble altar of Elyvilon.
  4780 | D:4      | Found Eppil's Distillery.
  4972 | D:4      | Found a basalt altar of Yredelemnul.
  5101 | D:4      | Reached XP level 7. HP: 36/36 MP: 12/18
  5153 | D:4      | Noticed Eustachio
  5158 | D:4      | Killed Eustachio
  5486 | D:5      | Entered Level 5 of the Dungeon
  5486 | D:5      | Found a staircase to the Ecumenical Temple.
  5516 | D:5      | Found Faeduuj's General Store.
  5611 | D:5      | Noticed a +0 falchion
  5618 | D:5      | Noticed a +0 dagger
  5643 | D:5      | Noticed a +0 short sword
  5662 | D:5      | Noticed a +0 spear
  5662 | D:5      | Noticed a +0 short sword
  5727 | D:5      | Noticed a +0 falchion
  5727 | D:5      | Noticed a +0 spear
  5748 | D:5      | Found a hide-covered altar of Uskayaw.
  5748 | D:5      | Noticed a +0 dagger
  5803 | Temple   | Entered the Ecumenical Temple
  6230 | D:5      | Learned a level 4 spell: Hailstorm
  6649 | D:5      | Reached XP level 8. HP: 29/41 MP: 13/19
  7847 | D:5      | Found a shimmering blue altar of Sif Muna.
  7884 | D:6      | Found a large runed translucent door.
  7884 | D:6      | Found a large runed translucent door.
  7888 | D:6      | Noticed Seidenschwarz's ghost (novice DECj)
  8137 | D:6      | Reached XP level 9. HP: 30/45 MP: 16/20
  8615 | D:6      | Found a blossoming altar of Fedhas.
  8959 | D:6      | Found Memifuor's Antique Weapon Shop.
  9246 | D:7      | Reached skill level 10 in Dodging
  9246 | D:7      | Reached skill level 10 in Ice Magic
  9490 | D:7      | Identified the amulet of the Saviour {Spirit Contam rPois
                  | MP+9 Int+3}
  9868 | D:7      | Found a sparkling altar of Nemelex Xobeh.
  9922 | D:7      | HP: 2/41 [orc priest/+0 falchion (2)]
  9924 | D:7      | Gained mutation: You expend magic power (3 MP) to
                  | strengthen your wands. [potion of mutation]
  9924 | D:7      | Gained mutation: You passively map a small area around you.
                  | [potion of mutation]
  9924 | D:7      | Gained mutation: You have a pair of small antennae on your
                  | head. [potion of mutation]
  9924 | D:7      | Gained mutation: Your system is resistant to poisons.
                  | (rPois) [potion of mutation]
  9924 | D:7      | Mangled by an orc priest

Illustrated notes

Levels and vault maps discovered:
D:1:      minmay_arrival_cross, layout_basic, serial_shops,
          nicolae_shop_bloodbath_and_beyond, minmay_split_cup_large
D:2:      layout_loops_ring, minmay_octomino_j4
D:3:      layout_loops_corners, amcnicky_altar_gilded,
          shapermc_ecumenical_altar_totnotflames, hex_tiny, uniq_natasha,
          uniq_ijyb, uniq_jessica
D:4:      layout_loops_cross, mainiacjoe_overflow_alcove_1, elyvilon_altar_5,
          serial_shops, shop, uniq_eustachio
D:5:      minmay_goblin_kobold_castle, layout_loops_cross, tgw_sif,
          nicolae_uskayaw_en_pointe, minmay_temple_entry_proselytizer,
          serial_shops, nicolae_shop_hallway_stairs
D:6:      layout_cave_pods, fedhas_altar_decomposition,
          ebering_ghost_disaster_area, serial_shops, kennysheep_little_box
D:7:      layout_rooms, lemuel_doored_altar,
          nicolae_dithmenos_through_a_glass_darkly, nicolae_lava_and_water
Temple:   nicolae_temple_superstar

Skill      XL: |  1  2  3  4  5  6  7  8  9 |
---------------+----------------------------+-----
Dodging        | 3 4 5 7 9 10 | 10.2
Spellcasting   | 4 5 6 |  6.0
Ice Magic      | 5 6 7 9 10 | 10.1
Stealth        | |  2.4

Action                   |  1- 3 |  4- 6 |  7- 9 || total
-------------------------+-------+-------+-------++-------
Melee: Dagger            |    27 |       |   139 ||   166
       Whip              |    62 |    51 |    15 ||   128
       Punch             |       |       |     4 ||     4
Throw: Dart              |       |     1 |     1 ||     2
 Cast: Freeze            |    31 |    26 |    27 ||    84
       Ozocubu's Armour  |       |    13 |    15 ||    28
       Frozen Ramparts   |       |    10 |    33 ||    43
  Use: Scroll            |       |     9 |     9 ||    18
       Potion            |       |     2 |     4 ||     6
 Stab: Sleeping          |     5 |     3 |     7 ||    15
Armor: Robe              |    17 |     7 |    36 ||    60
       Skin              |       |       |     4 ||     4
Dodge: Dodged            |    92 |    44 |   144 ||   280
Block: Other             |       |       |    51 ||    51
       Reflection        |       |       |     2 ||     2
